 Dungeon Crawl Stone Soup version 0.30.0-30-g96aa6591b8 (webtiles) character file.

Game seed: 8978351324699891712

39 AgateBread the Chopper (level 3, -1/28 (31) HPs)
             Began as a Hill Orc Reaver on June 30, 2023.
             Slain by a gnoll
             ... wielding a +0 spear
              (5 damage)
             ... on level 2 of the Dungeon.
             The game lasted 00:05:48 (2195 turns).

AgateBread the Chopper (Hill Orc Reaver)            Turns: 2195, Time: 00:05:48

HP:   -1/28 (31)    AC:  3    Str: 14    XL:     3   Next: 47%
MP:   14/14         EV: 11    Int: 13    God:
Gold: 80            SH:  0    Dex: 11    Spells: 4/5 levels left

rFire   . . .        a - +0 hand axe
rCold   . . .        (no shield)
rNeg    . . .        b - +0 leather armour
rPois   .            (no helmet)
rElec   .            (no cloak)
rCorr   .            (no gloves)
SInv    .            (no boots)
Will    .....        (no amulet)
Stlth   +            g - ring of magical power
HPRegen 0.24/turn    (no ring)
MPRegen 0.14/turn

%: no passive effects
@: drained
A: no striking features
a: no special abilities


You were on level 2 of the Dungeon.
You visited 1 branch of the dungeon, and saw 2 of its levels.

You collected 80 gold pieces.

Inventory:

Hand Weapons
 a - a +0 hand axe (weapon)
 k - a +2 whip of venom
Armour
 b - a +0 leather armour (worn)
 h - a +0 ring mail
Jewellery
 g - a ring of magical power (left hand)
Scrolls
 c - 2 scrolls of teleportation {unknown}
 d - a scroll of poison {unknown}
 e - a scroll of noise {unknown}
 f - a scroll of magic mapping {unknown}
 n - a scroll of fog {unknown}
Potions
 i - a potion of attraction
 m - a potion of haste {unknown}
 o - a potion of brilliance {unknown}


   Skills:
 + Level 3.3 Fighting
 + Level 4.7 Axes
 - Level 1.5 Dodging
 - Level 1.5 Spellcasting
 - Level 3.0 Conjurations
 + Level 1.5 Necromancy


You had 4 spell levels left.
You knew the following spells:

 Your Spells              Type           Power      Damage    Failure   Level
a - Kiss of Death         Conj/Necr      24%        2d7       14%         1

Your spell library contained the following spells:

 Spells                   Type           Power      Damage    Failure   Level
 Momentum Strike          Conj/Tloc      8%         3d8       28%         2
 Hailstorm                Conj/Ice       4%         3d4       50%         3


Dungeon Overview and Level Annotations

Branches:
Dungeon (2/15)

Altars:


Message History

The ball python bites you. The ball python grabs you.
You stop ascending the stairs.
The ball python constricts you.
Unknown command.
Unknown command.
Okay, then.
As you read the scroll of summoning, it crumbles to dust.
Wisps of shadow whirl around you... The ball python closely misses you.
The ball python constricts you.
The gnoll hits you from afar with a +0 spear.
* * * LOW HITPOINT WARNING * * *
You hit the ball python.
You kill the ball python!
The gnoll completely misses you.
You swap places.
The gnoll hits your hobgoblin with a +0 spear.
Your hobgoblin dies!
Your hobgoblin's corpse dissolves into shadows!
The gnoll hits something with a +0 spear.
You are confused.
You feel invigorated.
Your adder completely misses the gnoll.
The gnoll hits something with a +0 spear!
Your adder bites the gnoll.
Your adder closely misses the gnoll.
You feel less invigorated.
You feel less confused.
Your adder bites the gnoll.
You hit the gnoll.
The gnoll is lightly wounded.
Your adder completely misses the gnoll.
The gnoll hits you with a +0 flail!
You are too injured to fight recklessly!
You are too injured to fight recklessly!
The gnoll hits you from afar with a +0 spear!
* * * LOW HITPOINT WARNING * * *
The gnoll barely misses you.
You hit the gnoll but do no damage.
The gnoll is lightly wounded.
Your adder bites the gnoll but does no damage.
Something completely misses your adder.
The gnoll hits you from afar with a +0 spear.
You die...

##### .. #@g.#
#.#
#.#g#########.#
#.S†...)....#.##
#####..####....
##†# #.#
#÷######.####
#####.>.g.g..#...
#......####....#
#).....# ##...##


You could see 2 gnolls and a friendly adder (summoned).

Vanquished Creatures
  An adder (D:2)
  A dart slug (D:2)
  A ball python (D:2)
  5 endoplasms (D:1)
  3 giant cockroaches (D:1)
  3 goblins
  A kobold (D:1)
  4 quokkas (D:1)
  A bat (D:1)
  4 frilled lizards
  3 rats (D:1)
27 creatures vanquished.

Notes
Turn   | Place    | Note
-------+----------+-------------------------------------------
     0 | D:1      | AgateBread the Hill Orc Reaver began the quest for the Orb.
     0 | D:1      | Reached XP level 1. HP: 18/18 MP: 3/3
   417 | D:1      | Reached XP level 2. HP: 23/25 MP: 4/4
   689 | D:1      | Reached skill level 1 in Necromancy
  1465 | D:1      | Reached XP level 3. HP: 28/31 MP: 5/5
  2195 | D:2      | Slain by a gnoll

Illustrated notes

Levels and vault maps discovered:
D:1:      enne_arrival_octagon_isle, layout_basic, serial_co_window_serial,
          co_window_paths_a, co_window_corner_a, co_window_paths_a,
          co_window_corner_a, co_window_paths_b, co_window_broadway_a,
          co_window_2corner, co_window_broadway_b, co_window_broadway_a,
          co_window_broadway_c, co_window_broadway_c, glass_columns_a,
          glass_columns_a, glass_columns_b
D:2:      layout_rooms, uniq_robin

Skill      XL: |  1  2 |
---------------+-------+-----
Necromancy     | 1 |  1.5
Fighting       | 3 |  3.3
Axes           | |  4.7
Dodging        | |  1.5
Spellcasting   | |  1.5
Conjurations   | |  3.0

Action                     || total
---------------------------++-------
  Melee: Hand axe          ||    72
         Punch             ||     1
   Cast: Kiss of Death     ||     1
    Use: Scroll            ||     4
         Potion            ||     1
 Armour: Leather armour    ||     9
  Dodge: Dodged            ||    50
